 Dungeon Crawl Stone Soup version 0.28-a0-1415-g7c84da036a (webtiles) character file.

Game seed: 15460490311106588341

35 fragbeetle the Ruffian (level 3, -2/28 HPs)
             Began as a Draconian Transmuter on Jan 8, 2022.
             Slain by a gnoll (8 damage)
             ... on level 2 of the Dungeon.
             The game lasted 00:02:01 (1309 turns).

fragbeetle the Ruffian (Draconian Transmuter)       Turns: 1309, Time: 00:02:02

Health: -2/28      AC:  5    Str: 14    XL:     3   Next: 16%
Magic:  5/6        EV:  6    Int: 13    God:
Gold:   76         SH:  0    Dex: 11    Spells: 2/6 levels left

rFire   . . .      SeeInvis .     - Unarmed
rCold   . . .      Faith    .   (no shield)
rNeg    . . .      Spirit   .   (armour unavailable)
rPois   .          Reflect  .   (helmet currently unavailable)
rElec   .          Harm     .   (no cloak)
rCorr   .          Rampage  .   (no gloves)
Will    .....                   (boots currently unavailable)
Stlth   +.........              (no amulet)
HPRegen 0.09/turn               (no ring)
MPRegen 0.10/turn               (no ring)

@: appendages (expiring), held
A: horns 2, talons 2, AC +5, unfitting armour, cold-blooded
a: End Transformation


You were on level 2 of the Dungeon.
You had temporarily grown beastly horns and talons.
You visited 1 branch of the dungeon, and saw 2 of its levels.

You collected 76 gold pieces.

Inventory:

Missiles
 n - 19 stones
Jewellery
 a - an amulet of magic regeneration
 d - an amulet of faith
Scrolls
 e - a scroll of fear {unknown}
 f - a scroll of acquirement {unknown}
 g - a scroll of identify {unknown}
 h - a scroll of enchant armour {unknown}
 i - 2 scrolls of teleportation {unknown}
 k - a scroll of enchant weapon {unknown}
 l - a scroll of silence {unknown}
Potions
 b - a potion of degeneration {unknown}
 c - 2 potions of ambrosia {unknown}
 j - a potion of lignification {unknown}
 m - a potion of heal wounds {unknown}


   Skills:
 + Level 1.5 Fighting
 + Level 2.1 Dodging
 * Level 3.4 Unarmed Combat
 - Level 2.0 Spellcasting
 * Level 2.7 Transmutations
 + Level 0.0 Poison Magic


You had 2 spell levels left.
You knew the following spells:

 Your Spells              Type           Power      Damage    Failure   Level
a - Beastly Appendage     Tmut           16%        N/A       9%          1
b - Spider Form           Tmut/Pois      4%         N/A       41%         3

Your spell library contained the following spells:

 Spells                   Type           Power      Damage    Failure   Level
 Wereblood                Tmut           8%         N/A       13%         2
 Animate Skeleton         Necr           2%         N/A       26%         1
 Pain                     Necr           4%         1d4       26%         1
 Vampiric Draining        Necr           1%         2d6       58%         3
 Ice Form                 Ice/Tmut       4%         N/A       82%         4


Dungeon Overview and Level Annotations

Branches:
Dungeon (2/15)

Altars:


Innate Abilities, Weirdness & Mutations

You have temporarily grown beastly horns and talons.
Your plain brown scales are hard. (AC +5)
You cannot fit into any form of body armour.
You are cold-blooded and may be slowed by cold attacks.


Message History

Found 19 stones.
Found a rapier.
You see here 19 stones.
n - 19 stones You open the door.
There is an open door here.
i - 2 scrolls labelled WACHAF JEDA (gained 1)
There is an open door here.
A gnoll comes into view. It is wielding a +0 club.
The gnoll shouts!
A gnoll comes into view. It is wielding a +0 flail.
You miscast Beastly Appendage.
You are very lightly contaminated with residual magic.
Nothing appears to happen.
The gnoll shouts!
You hear a shout!
A gnoll comes into view. It is wielding a +0 whip.
You grow a pair of large bovine horns.
Your feet morph into talons.
Your transformation is almost over.
You hit the gnoll. Your headbutt misses the gnoll.
The gnoll is lightly wounded.
The gnoll hits you with a +0 club.
You hit the gnoll. You claw the gnoll, but do no damage.
Your tail-slap misses the gnoll.
The gnoll is heavily wounded.
The gnoll hits you with a +0 club. The gnoll misses you.
Your magical contamination has completely faded away.
You closely miss the gnoll. You headbutt the gnoll.
The gnoll is almost dead.
The gnoll closely misses you.
You closely miss the gnoll. Your kick misses the gnoll.
The gnoll is almost dead.
The gnoll throws a throwing net.
The throwing net hits you.
You become entangled in the net!
The gnoll hits you with a +0 club. The gnoll hits you with a +0 flail.
You tear a large gash into the net.
The gnoll hits you but does no damage. The gnoll hits you with a +0 flail!
* * * LOW HITPOINT WARNING * * *
You struggle against the net.
The gnoll barely misses you. x2
The gnoll hits you with a +0 flail!
You die...

#... ########.#
#........#
#........#########
#........'....^..#
#........#######.#
##.......# ###..
#.###...###......
#.# #...@g.......
#.# #...gg#......
#.# #...)♣♣♣♣♣...
###.###..#♣PP..♣ .
#.....#..♣♣P≈≈.P
#.....##.♣♣≈≈≈≈♣P
#.<......♣..≈≈P.♣
#.....##.♣P♣...P♣
#.....##..♣♣♣♣P♣♣


You could see 3 gnolls.

Vanquished Creatures
  4 endoplasms
  2 giant cockroaches (D:1)
  9 goblins
  4 hobgoblins
  A quokka (D:1)
  2 ball pythons (D:2)
  2 bats (D:1)
  3 kobolds
  3 rats (D:1)
30 creatures vanquished.

Vanquished Creatures (others)
  6 plants
6 creatures vanquished.

Grand Total: 36 creatures vanquished

Notes
Turn   | Place    | Note
-------+----------+-------------------------------------------
     0 | D:1      | fragbeetle the Draconian Transmuter began the quest for the
                  | Orb.
     0 | D:1      | Reached XP level 1. HP: 16/16 MP: 3/3
   120 | D:1      | Found a faded altar of an unknown god.
   188 | D:1      | Reached XP level 2. HP: 17/23 MP: 1/5
  1034 | D:2      | Reached XP level 3. HP: 26/28 MP: 4/6
  1058 | D:2      | Learned a level 3 spell: Spider Form
  1309 | D:2      | Slain by a gnoll

Illustrated notes

Levels and vault maps discovered:
D:1:      elethiomel_arrival_quiet, layout_basic, serial_forest,
          infiniplex_forest_lined_2, infiniplex_forest_lined_room_,
          infiniplex_forest_straight_3, infiniplex_forest_end_2,
          infiniplex_forest_lined_3, infiniplex_forest_end_1,
          infiniplex_forest_lined_3, infiniplex_forest_lined_corner,
          infiniplex_forest_end_1, chequers_ecumenical_altar_simple,
          minmay_split_cup_large
D:2:      kennysheep_big_flooded_room, layout_basic, serial_forest,
          infiniplex_forest_corner_1, infiniplex_forest_pool,
          infiniplex_forest_clump_curved, infiniplex_forest_split,
          infiniplex_forest_end_2, infiniplex_forest_lined_1,
          infiniplex_forest_clump_small, infiniplex_forest_lined_room_2,
          minmay_pentomino_x2

Skill      XL: |  1  2 |
---------------+-------+-----
Dodging        | 2 |  2.1
Fighting       | |  1.5
Unarmed Combat | |  3.4
Spellcasting   | |  2.0
Transmutations | |  2.7

Action                   || total
-------------------------++-------
Melee: Unarmed           ||    69
       Kick              ||    12
       Tailslap          ||     4
       Punch             ||     2
       Headbutt          ||    10
 Cast: Beastly Appendage ||    19
Armor: Skin              ||    21
Dodge: Dodged            ||    38

Table legend: (Time is in decaauts)
 A = Elapsed time spent in this place.
 B = Non-inter-level travel time spent in this place.
 C = Inter-level travel time spent in this place.
 D = Time resting spent in this place.
 E = Time spent auto-exploring this place.
 F = Levels seen in this place.
 G = Mean time per level.
                   A        B        C        D        E       F      G
               +--------+--------+--------+--------+--------+-----+--------+
         Total |   1305 |   1252 |     53 |      0 |   1008 |   2 |  652.5 |
       Dungeon |   1305 |   1252 |     53 |      0 |   1008 |   2 |  652.5 |
               +--------+--------+--------+--------+--------+-----+--------+

Top non-repeatable levels by time:
     D:1: 972 daAuts
     D:2: 333 daAuts
